 Dungeon Crawl Stone Soup version 0.22.1-1-ga44c0e5 (webtiles) character file.

1401 delarado the Arsonist (level 8, -1/41 HPs)
             Began as a Deep Elf Fire Elementalist on Nov 7, 2018.
             Was an Initiate of Vehumet.
             Slain by a killer bee (8 damage)
             ... on level 7 of the Dungeon.
             The game lasted 00:31:30 (7615 turns).

delarado the Arsonist (Deep Elf Fire Elementalist)  Turns: 7615, Time: 00:31:31

Health: -1/41      AC:  2    Str:  5    XL:     8   Next: 41%
Magic:  3/14       EV: 13    Int: 23    God:    Vehumet [......]
Gold:   250        SH:  0    Dex: 19    Spells: 5/13 levels left

rFire    . . .     SeeInvis .   j - -1 dagger (curse)
rCold    . . .     Gourm    .   (no shield)
rNeg     . . .     Faith    .   v - +0 robe (curse)
rPois    .         Spirit   .   (no helmet)
rElec    .         Reflect  .   (no cloak)
rCorr    .         Harm     .   (no gloves)
MR       +....                  (no boots)
Stlth    ++........             q - amulet of the acrobat
HPRegen  0.13/turn              A - ring of protection from magic
MPRegen  0.14/turn              B - +4 ring of dexterity

@: no status effects
A: no striking features
a: Renounce Religion


You were on level 7 of the Dungeon.
You worshipped Vehumet.
Vehumet was noncommittal.
You were not hungry.

You visited 2 branches of the dungeon, and saw 8 of its levels.

You collected 250 gold pieces.

Inventory:

Hand Weapons
 e - a +0 club
 j - a cursed -1 dagger (weapon)
 l - a +0 dagger
 m - a cursed +0 hunting sling
 o - a +1 mace of protection
 r - a +3 dagger of venom
 y - the +8 demon blade "Bloodbane" {slice, *Rage +Rage Stlth-}
   (You found it on level 5 of the Dungeon)

   It inflicts extra damage upon your enemies.
   It lets you go berserk.
   It may make you go berserk in combat.
   It makes you less stealthy.
 D - a +0 hunting sling
Missiles
 g - 189 stones (quivered)
 t - 26 poisoned needles
 E - 14 sling bullets
Armour
 a - a +1 robe
 v - a cursed +0 robe (worn)
Jewellery
 d - an uncursed amulet of rage
 q - an amulet of the acrobat (around neck)
 A - a ring of protection from magic (left hand)
 B - a +4 ring of dexterity (right hand)
Wands
 n - a wand of random effects (23)
 x - a wand of acid (6)
 F - a wand of paralysis (6)
Scrolls
 b - 2 scrolls of fear
 f - a scroll of remove curse
 h - 4 scrolls of identify
 i - a scroll of enchant armour
 k - 2 scrolls of fog
 u - 2 scrolls of teleportation
 z - 2 scrolls of enchant weapon
Potions
 p - 2 potions of flight
 s - a potion of heal wounds
 w - a potion of curing
 C - 2 potions of brilliance
 G - a potion of mutation {unknown}
Comestibles
 c - 12 rations
 H - 5 chunks of flesh


   Skills:
 - Level 2.4 Dodging
 - Level 2.4 Stealth
 - Level 3.0 Spellcasting
 + Level 8.1 Conjurations
 + Level 8.7 Fire Magic


You had 5 spell levels left.
You knew the following spells:

 Your Spells              Type           Power        Failure   Level  Hunger
a - Flame Tongue          Conj/Fire      #####        1%          1    None
b - Conjure Flame         Conj/Fire      #####...     1%          3    ###....
c - Sticky Flame          Conj/Fire      #####...     3%          4    ####...

Your spell library contained the following spells:

 Spells                   Type           Power        Failure   Level  Hunger
 Throw Flame              Conj/Fire      #####.       1%          2    ##.....
 Inner Flame              Hex/Fire       ###.....     6%          3    ###....
 Fireball                 Conj/Fire      #####.....   10%         5    ######.
 Beastly Appendage        Tmut           #.....       12%         1    None
 Confusing Touch          Hex            #.....       12%         1    None
 Summon Small Mammal      Summ           #...         12%         1    None
 Call Imp                 Summ           #.......     17%         2    ##.....
 Sticks to Snakes         Tmut           #.......     17%         2    ##.....
 Call Canine Familiar     Summ           #.......     34%         3    ###....
 Confuse                  Hex            #.......     34%         3    ###....
 Gell's Gravitas          Tloc           #.........   34%         3    ###....
 Spider Form              Tmut/Pois      #.........   34%         3    ###....
 Summon Guardian Golem    Hex/Summ       #.......     34%         3    ###....
 Ice Form                 Ice/Tmut       #.......     75%         4    ####...
 Petrify                  Tmut/Erth      #.......     75%         4    ####...
 Summon Ice Beast         Ice/Summ       #.......     75%         4    ####...
 Summon Lightning Spire   Summ/Air       #.......     75%         4    ####...
 Blade Hands              Tmut           #.........   97%         5    ######.
 Metabolic Englaciation   Hex/Ice        #.........   97%         5    ######.
 Yara's Violent Unravell  Hex/Tmut       #.........   97%         5    ######.


Dungeon Overview and Level Annotations

Branches:
Dungeon (7/15)             Temple (1/1) D:6

Altars:
Ashenzari
Cheibriados
Dithmenos
Elyvilon
Fedhas
Gozag
Hepliaklqana
Kikubaaqudgha
Makhleb
Nemelex Xobeh
Okawaru
Qazlal
Ru
Sif Muna
Trog
Uskayaw
Vehumet
Wu Jian
Xom
Yredelemnul
Zin
The Shining One

Shops:
D:6 =

Annotations:
D:3 3 runed doors, Jaiteiro's ghost, amateur VSFi; Lavandula's ghost, amateur CeBe


Message History

There is an open door here.
You feel sick. The killer bee completely misses you.
The killer bee barely misses you. The killer bee stings you.
Casting: Sticky Flame (safe; 3% risk of failure)
Confirm with . or Enter, or press ? or * to list all spells.
Aiming: Sticky Flame (safe; 3% risk of failure)
Press: ? - help, Shift-Dir - straight line, f - killer bee
Aim: a killer bee The sticky flame hits the killer bee.
The killer bee is lightly wounded.
The killer bee is covered in liquid flames!
The killer bee burns!
The killer bee stings you.
You are more poisoned.
The killer bee poisons you! The killer bee stings you.
The killer bee barely misses you. The killer bee completely misses you.
You feel better.
The killer bee burns!
The killer bee barely misses you. The killer bee stings you.
The killer bee stings you!
* * * LOW HITPOINT WARNING * * *
The killer bee misses you. x2; The killer bee stings you!
You die...

......a..>......y
§.....#......y.(
§≈§≈≈...†.###.#.
≈§≈###≈.#.†.# ≈.
#§§.a..#
≈§≈###§..#.##
≈.≈§§§≈.##.# ..#.
§§.§§.§.##y##y....
§§§§§§≈..y@y......
§§§###≈.........#.
≈.§ #§.........#
≈.≈###≈.#.........
≈≈≈≈.≈§≈≈≈.##........
....§...§.§......#.#.
≈≈≈§≈≈≈§§§#########
§§ #≈.§###§.# ####
§.≈ #§§≈# #≈.##.....


You could see a worker ant and 4 killer bees.

Vanquished Creatures
  Grinder (D:6)
  Duvessa (D:4)
  An orc warrior (D:7)
  A black bear (D:6)
  A phantom (D:5)
  A centaur (D:5)
  A bullfrog (D:6)
  Dowan (D:4)
  A scorpion (D:5)
  2 killer bees (D:7)
  A howler monkey (D:6)
  A bullfrog zombie (D:6)
  2 orc wizards
  3 worker ants
  An iguana (D:5)
  A hound skeleton (D:6)
  10 adders
  7 gnolls
  2 shadow imps
  An ooze (D:3)
  2 worms
  3 dart slugs
  5 leopard geckos
  13 orcs
  5 bats
  3 giant cockroaches
  7 goblins
  7 hobgoblins
  6 jackals
  2 quokkas
  A ball python (D:3)
  2 frilled lizards
  7 kobolds
  3 rats
106 creatures vanquished.

Vanquished Creatures (others)
  5 withered plants (D:3)
5 creatures vanquished.

Grand Total: 111 creatures vanquished

Notes
Turn   | Place    | Note
-------+----------+-------------------------------------------
     0 | D:1      | delarado the Deep Elf Fire Elementalist began the quest for
                  | the Orb.
     0 | D:1      | Reached XP level 1. HP: 10/10 MP: 6/6
   246 | D:1      | Reached XP level 2. HP: 15/15 MP: 6/8
   410 | D:1      | Found a shimmering altar of Xom.
   552 | D:1      | Reached XP level 3. HP: 4/19 MP: 3/9
  1182 | D:2      | Found a sacrificial altar of Ru.
  1290 | D:2      | Found a blossoming altar of Fedhas.
  1478 | D:2      | Reached XP level 4. HP: 23/24 MP: 6/10
  1708 | D:3      | Found a runed gate.
  1710 | D:3      | Found a runed gate.
  1710 | D:3      | Found a runed gate.
  1710 | D:3      | Noticed Jaiteiro's ghost (amateur VSFi)
  1710 | D:3      | Noticed Lavandula's ghost (amateur CeBe)
  1969 | D:3      | Learned a level 3 spell: Conjure Flame
  1984 | D:3      | Learned a level 4 spell: Sticky Flame
  2065 | D:3      | Found a faded altar of an unknown god.
  2312 | D:3      | Reached skill level 5 in Fire Magic
  2312 | D:3      | Reached XP level 5. HP: 22/28 MP: 7/11
  3115 | D:4      | Noticed Duvessa
  3143 | D:4      | Killed Duvessa
  3143 | D:4      | Reached XP level 6. HP: 32/32 MP: 8/12
  3157 | D:4      | Noticed Dowan
  3171 | D:4      | Killed Dowan
  3171 | D:4      | Reached skill level 5 in Conjurations
  4071 | D:5      | Entered Level 5 of the Dungeon
  4492 | D:5      | Reached XP level 7. HP: 36/36 MP: 11/13
  4645 | D:5      | Found the +8 demon blade "Bloodbane" {slice, *Rage +Rage
                  | Stlth-}
  5602 | D:6      | Found a staircase to the Ecumenical Temple.
  5612 | Temple   | Entered the Ecumenical Temple
  5781 | Temple   | Became a worshipper of Vehumet
  6558 | D:6      | Noticed Grinder
  6566 | D:6      | Killed Grinder
  6566 | D:6      | Reached XP level 8. HP: 21/41 MP: 6/14
  6903 | D:6      | Found Zihug's Jewellery Shoppe.
  7615 | D:7      | Slain by a killer bee

Skill      XL: |  1  2  3  4  5  6  7  8 |
---------------+-------------------------+-----
Conjurations   | 2 3 4 5 7 8 |  8.1
Fire Magic     | 4 5 6 8 |  8.7
Dodging        | |  2.4
Stealth        | |  2.4
Spellcasting   | |  3.0

Action                   |  1- 3 |  4- 6 |  7- 9 || total
-------------------------+-------+-------+-------++-------
Melee: Dagger            |       |     8 |    39 ||    47
Throw: Stone             |    22 |    73 |    29 ||   124
 Cast: Flame Tongue      |    62 |    78 |    41 ||   181
       Conjure Flame     |       |     3 |     1 ||     4
       Sticky Flame      |       |     7 |    24 ||    31
  Use: Potion            |     4 |     3 |     1 ||     8
       Scroll            |       |    10 |     1 ||    11
  Eat: Chunk             |     2 |    10 |     4 ||    16
       Ration            |       |       |     3 ||     3
Armor: Robe              |     2 |     4 |     7 ||    13
Dodge: Dodged            |    18 |    19 |    66 ||   103
